 Dungeon Crawl Stone Soup version 0.31-a0-1626-g5cb510d322 (webtiles) character file.

Game seed: 3184672422209125067

48 tilp the Sneak (level 3, 0/26 HPs)
             Began as a Vampire Enchanter on Jan 12, 2024.
             Slain by Natasha (6 damage)
             ... on level 1 of the Dungeon.
             The game lasted 00:01:41 (873 turns).

tilp the Sneak (Vampire Enchanter)                   Turns: 873, Time: 00:01:42

Health: 0/26       AC:  2    Str:  7    XL:     3   Next: 50%
Magic:  0/6        EV: 12    Int: 19    God:
Gold:   68         SH:  0    Dex: 14    Spells: 1/6 levels left

rFire   . . .        a - +1 dagger
rCold   . . .        (no shield)
rNeg    + . .        b - +0 robe
rPois   .            (no helmet)
rElec   .            (no cloak)
rCorr   .            (no gloves)
SInv    +            (no boots)
Will    .....        (no amulet)
Stlth   +++          h - ring of positive energy
HPRegen 0.44/turn    (no ring)
MPRegen 0.10/turn

%: no passive effects
@: healing quickly
A: alive, fangs 3, see invisible, vampiric 2
a: Exsanguinate


You were on level 1 of the Dungeon.
You visited 1 branch of the dungeon, and saw 2 of its levels.

You collected 68 gold pieces.

Inventory:

Hand Weapons
 a - a +1 dagger (weapon)
Missiles
 d - 6 stones (quivered)
 i - a throwing net
Armour
 b - a +0 robe (worn)
Jewellery
 h - a ring of positive energy (left hand)
Scrolls
 e - 2 scrolls of revelation {unknown}
 f - a scroll of amnesia {unknown}
 g - 2 scrolls of noise {unknown}
 k - a scroll of identify {unknown}
Potions
 c - a potion of invisibility
 j - 2 potions of curing {unknown}
 l - a potion of haste {unknown}


   Skills:
 * Level 1.1 Fighting
 + Level 1.5(1.9) Short Blades
 * Level 1.3(1.6) Long Blades
 + Level 2.5 Dodging
 + Level 4.7 Stealth
 + Level 2.2 Spellcasting
 + Level 4.6 Hexes
 + Level 0.4 Ice Magic


You had one spell level left.
You knew the following spells:

 Your Spells              Type           Power      Damage    Failure   Level
a - Ensorcelled Hibernat  Hex/Ice        22%        N/A       9%          2
b - Confusing Touch       Hex            19%        N/A       8%          3

Your spell library contained the following spells:

 Spells                   Type           Power      Damage    Failure   Level
 Tukima's Dance           Hex            19%        N/A       8%          3
 Dazzling Flash           Conj/Hex       20%        N/A       19%         3


Dungeon Overview and Level Annotations

Branches:
Dungeon (2/15)

Altars:

Annotations:
D:1 Natasha
D:2 Jessica


Innate Abilities, Weirdness & Mutations

Your natural rate of healing is accelerated.
You have razor-sharp teeth.
You have supernaturally acute eyesight. (SInv)
You are afflicted with vampirism and can become a bat while bloodless.


Message History

Aiming: Ensorcelled Hibernation (safe; 9% risk of failure)
Press: ? - help, Shift-Dir - straight line, f/p - Natasha
Aim: Natasha (chance to affect: 45%) Natasha resists with some effort.
Natasha casts a spell.
Unknown command.
Casting: Ensorcelled Hibernation (safe; 9% risk of failure)
Confirm with . or Enter, or press ? or * to list all spells.
Aiming: Ensorcelled Hibernation (safe; 9% risk of failure)
Press: ? - help, Shift-Dir - straight line, f/p - Natasha
Aim: Natasha (chance to affect: 45%) Natasha resists with some effort.
Natasha claws you!
The cerulean imp hits you from afar with a +1 spear.
Unknown command.
Casting: Ensorcelled Hibernation (safe; 9% risk of failure)
Confirm with . or Enter, or press ? or * to list all spells.
You don't have enough magic to cast this spell.
Unknown command.
Unknown command.
You hit Natasha.
Natasha is moderately wounded.
Natasha closely misses you.
You hit Natasha but do no damage.
Natasha is moderately wounded.
The cerulean imp hits you from afar with a +1 spear.
* * * LOW HITPOINT WARNING * * *
Natasha closely misses you.
You hit Natasha.
Natasha is moderately wounded.
The cerulean imp hits you from afar with a +1 spear.
* * * LOW HITPOINT WARNING * * *
Natasha closely misses you.
You hit Natasha.
Natasha is severely wounded.
The cerulean imp barely misses you. Natasha closely misses you.
You closely miss Natasha.
Natasha is severely wounded.
The cerulean imp closely misses you. Natasha claws you.
You die...
Natasha begins licking her fur clean.

...............# #..##.##.##.#
..#####...<....# #)###.##[##..
..# #.......## ###.# #.##.###.
..#####.......# ##...# #.##.# ##
.)...........## ##..### #....# #
...##....#.#.# #..## #..### #
...##........####5## #..# #
#.....#####.......#### ##..# ##
...#..# ####..@h...###...#####.
.#...## #....#####..)...###.รท..
##>### #.#### ##.........###
...## #.# #####............
##..#######.#####.........#######
.....)............###....##
###.#######.####### #....# #.##
####.# #....# #..###....# #...##


You could see Natasha and a cerulean imp (summoned).

Vanquished Creatures
  An adder (D:2)
  5 bats
  4 endoplasms
  3 giant cockroaches
  2 goblins
  2 hobgoblins (D:1)
  4 jackals (D:1)
  3 kobolds (D:1)
  A quokka (D:1)
  3 ball pythons
  2 frilled lizards (D:1)
  4 rats
34 creatures vanquished.

Notes
Turn   | Place    | Note
-------+----------+-------------------------------------------
     0 | D:1      | tilp the Vampire Enchanter began the quest for the Orb.
     0 | D:1      | Reached XP level 1. HP: 13/13 MP: 3/3
   148 | D:1      | Reached XP level 2. HP: 16/20 MP: 5/5
   177 | D:1      | Learned a level 2 spell: Ensorcelled Hibernation
   305 | D:1      | Reached skill level 1 in Long Blades
   387 | D:1      | Gained mutation: You are afflicted with vampirism and can
                  | become a bat while bloodless. [Vampire growth]
   387 | D:1      | Reached XP level 3. HP: 22/25 MP: 6/6
   393 | D:1      | Learned a level 3 spell: Confusing Touch
   610 | D:2      | Reached skill level 1 in Fighting
   857 | D:2      | Noticed Natasha
   859 | D:2      | Noticed Jessica
   873 | D:1      | Slain by Natasha

Illustrated notes

Levels and vault maps discovered:
D:1:      dpeg_arrival_orchard, layout_rooms
D:2:      layout_basic, hex_tiny, mrwooster_statue_mirror,
          uniq_crazy_yiuf_cottage, uniq_jessica, uniq_natasha

Skill      XL: |  1  2  3 |
---------------+----------+-----
Long Blades    | 1 |  1.3
Fighting       | 1 |  1.1
Short Blades   | |  1.5
Dodging        | |  2.5
Stealth        | |  4.7
Spellcasting   | |  2.2
Hexes          | |  4.6
Ice Magic      | |  0.4

Action                     || total
---------------------------++-------
  Melee: Dagger            ||   112
         Bite              ||    12
         Punch             ||     1
   Cast: Ensorcelled Hiber ||     8
    Use: Potion            ||     2
   Stab: Sleeping          ||     7
         Invisible         ||     1
 Armour: Robe              ||    62
  Dodge: Dodged            ||    83

Table legend: (Time is in decaauts)
 A = Elapsed time spent in this place.
 B = Non-inter-level travel time spent in this place.
 C = Inter-level travel time spent in this place.
 D = Time resting spent in this place.
 E = Time spent auto-exploring this place.
 F = Levels seen in this place.
 G = Mean time per level.
                   A        B        C        D        E       F      G
               +--------+--------+--------+--------+--------+-----+--------+
         Total |    864 |    849 |     15 |     30 |    567 |   2 |  432.0 |
       Dungeon |    864 |    849 |     15 |     30 |    567 |   2 |  432.0 |
               +--------+--------+--------+--------+--------+-----+--------+

Top non-repeatable levels by time:
     D:1: 574 daAuts
     D:2: 289 daAuts
